AoeStats
← martin.fischer.ac

Arena

506884212Analyzed
3v3 RM · 17d ago on Sep 15, 2026· 45m 42s· 6 players
Game mode
Random Map
Map size
Normal (6 player)
Population
200
Speed
Normal
Resources
Standard
Victory
Conquest
Starting age
Dark Age
Ending age
Imperial Age
RankedLock teamsTeams togetherTeam positionsShared explorationLock speedFull tech treeHidden civsTurbo modeCheats
Victory
Defeat
🇩🇪 Byzantines · Germany
856
+13
🇫🇷 Celts · France
852
+13
🇪🇸 Persians · Spain
728
+19
🇩🇪 Wu · Germany
812
-16
🇩🇪 Chinese · Germany
794
-15
🇩🇪 Gurjaras · Germany
769
-14
crazy-kurs
10:03 Feudal Age
10:50 Double-Bit Axe
14:57 Fletching
15:04 Horse Collar
23:41 Castle Age
22:20 Forging
24:12 Scale Barding Armor
24:43 Bow Saw
24:35 Heavy Plow
25:04 Gold Mining
25:07 Stone Mining
26:41 Iron Casting
27:23 Stone Shaft Mining
28:54 Gold Shaft Mining
31:54 Husbandry
32:04 Bloodlines
32:52 Bodkin Arrow
34:21 Kshatriyas
34:37 Treadmill Crane
40:15 Imperial Age
38:09 Padded Archer Armor
41:20 Chain Barding Armor
41:01 Heavy Camel Rider
41:39 Crossbowman
xXkursXx
2:10 Loom
10:07 Feudal Age
11:25 Wheelbarrow
10:30 Horse Collar
10:37 Double-Bit Axe
10:45 Stone Mining
13:58 Gold Mining
19:46 Town Watch
23:13 Castle Age
21:11 Fletching
21:21 Padded Archer Armor
24:14 Hand Cart
24:46 Bow Saw
24:44 Heavy Plow
27:37 Bodkin Arrow
27:59 Leather Archer Armor
28:49 Ballistics
29:04 Red Cliffs Tactics
29:16 Husbandry
30:09 Bloodlines
30:56 Forging
30:51 Scale Barding Armor
34:24 Iron Casting
36:54 Imperial Age
37:14 Caravan
38:48 Chemistry
37:13 Elite Fire Archer
38:14 Conscription
38:45 Heavy Hei Guang Cavalry
40:22 Light Cavalry
42:45 Hussar
DarkKurs
0:28 Loom
12:05 Feudal Age
13:25 Wheelbarrow
12:35 Town Watch
12:33 Horse Collar
12:41 Double-Bit Axe
14:39 Fletching
14:49 Padded Archer Armor
19:46 Gold Mining
19:48 Stone Mining
24:17 Castle Age
23:36 Padded Archer Armor
25:37 Hand Cart
25:23 Town Patrol
25:50 Bodkin Arrow
26:10 Leather Archer Armor
27:03 Heavy Plow
27:31 Bow Saw
28:28 Leather Archer Armor
29:29 Man-at-Arms
30:12 Squires
31:59 Caravan
33:18 Gold Shaft Mining
33:20 Stone Shaft Mining
32:31 Long Swordsman
32:33 Pikeman
36:48 Masonry
36:58 Ballistics
39:35 Imperial Age
38:37 Elite Skirmisher
41:21 Elite Chu Ko Nu
42:30 Bracer
43:01 Ring Archer Armor
FestiSaumon
7:47 Loom
10:08 Feudal Age
11:09 Horse Collar
11:16 Double-Bit Axe
13:26 Arson
15:28 Man-at-Arms
23:09 Castle Age
24:28 Pikeman
25:51 Bow Saw
26:05 Heavy Plow
27:14 Gold Mining
27:14 Stone Mining
32:48 Scale Mail Armor
32:58 Forging
36:43 Imperial Age
34:53 Wheelbarrow
34:35 Chain Mail Armor
36:25 Gold Shaft Mining
36:26 Stone Shaft Mining
36:16 Ballistics
38:54 Plate Mail Armor
38:59 Iron Casting
38:49 Halberdier
38:53 Heavy Scorpion
42:00 Furor Celtica
gcsauan
3:23 Loom
11:00 Feudal Age
11:27 Double-Bit Axe
15:19 Horse Collar
19:47 Castle Age
18:29 Fletching
18:41 Padded Archer Armor
19:19 Gold Mining
21:09 Thumb Ring
22:46 Bow Saw
24:32 Heavy Plow
24:25 Crossbowman
25:54 Elite Skirmisher
27:51 Town Watch
28:42 Wheelbarrow
28:48 Gold Shaft Mining
29:12 Stone Mining
29:51 Caravan
31:00 Stone Shaft Mining
30:31 Bodkin Arrow
34:12 Imperial Age
32:15 Leather Archer Armor
32:45 Kamandaran
34:42 Citadels
35:13 Crop Rotation
37:08 Town Patrol
37:24 Hand Cart
37:45 Ring Archer Armor
38:20 Two-Man Saw
38:24 Hoardings
38:51 Murder Holes
39:16 Ballistics
40:51 Chemistry
41:23 Masonry
42:34 Conscription
44:15 Architecture
martin.fischer.ac
14:21 Feudal Age
18:10 Castle Age
16:18 Double-Bit Axe
18:56 Forging
21:09 Wheelbarrow
26:26 Bow Saw
27:08 Loom
29:20 Gold Mining
34:15 Imperial Age
33:48 Husbandry
33:57 Scale Barding Armor
33:51 Stone Mining
34:37 Gold Shaft Mining
35:19 Conscription
35:20 Logistica
36:08 Stone Shaft Mining
36:32 Horse Collar
38:11 Chemistry
36:39 Elite Cataphract
39:37 Iron Casting
40:05 Elite Skirmisher
43:11 Chain Barding Armor
Connection lost

Rejoining the realm…

Still unreachable

The connection could not be restored.

Session expired

The server has moved on; the page needs a fresh start.